3071 views
Uploaded 2020-04-01 16:25:37
Game version 1.32.3
18:00 long 1on1 custom game on (2)NorthernIsles
Game name "game1"
Saved by Happy
3071 views
Uploaded 2020-04-01 16:25:37
Game version 1.32.3
18:00 long 1on1 custom game on (2)NorthernIsles
Game name "game1"

34 units @ 5.6k
/ 0.8k
14 buildings @ 2.3k
/ 0.8k



| Rod of Necromancy | 4 | 600 |
| Orb of Corruption | 1 | 375 |
| Scroll of Town Portal | 4 | 1400 |
| Scroll of Healing | 1 | 250 |
| Potion of Lesser Invulnerability | 2 | 300 |
| Claws of Attack +6 | 1 | 125 |
| total: | 13 | 3050g |
| Acolyte | 9 | 675 | / | 0 |
| Ghoul | 3 | 360 | / | 0 |
| Crypt Fiend | 15 | 3225 | / | 600 |
| Obsidian Statue | 6 | 1200 | / | 210 |
| Banshee | 1 | 155 | / | 30 |
| total: | 34 | 5615g | / | 840w |
| Nerubian Tower | 2 | 200 | / | 40 |
| Ziggurat | 7 | 1050 | / | 350 |
| Altar of Darkness | 1 | 180 | / | 50 |
| Crypt | 1 | 200 | / | 50 |
| Tomb of Relics | 1 | 130 | / | 30 |
| Graveyard | 1 | 215 | / | 0 |
| Necropolis | 1 | 225 | / | 0 |
| Slaughterhouse | 1 | 140 | / | 135 |
| Temple of the Damned | 1 | 155 | / | 140 |
| Halls of the Dead | 1 | 320 | / | 210 |
| Black Citadel | 1 | 325 | / | 230 |
| total: | 14 | 2295g | / | 755w |
| 0:01 | Acolyte |
| 0:03 | Ziggurat |
| 0:06 | Altar of Darkness |
| 0:07 | Acolyte |
| 0:32 | Crypt |
| 0:40 | Acolyte |
| 0:56 | Tomb of Relics |
| 1:21 | Graveyard |
| 1:32 | Ghoul |
| 1:39 | Ghoul |
| 1:58 | Ghoul |
| 2:05 | Rod of Necromancy |
| 2:07 | Death Coil |
| 2:33 | Halls of the Dead |
| 2:46 | Crypt Fiend |
| 3:05 | Rod of Necromancy |
| 3:05 | Rod of Necromancy |
| 3:05 | Rod of Necromancy |
| 3:21 | Ziggurat |
| 3:25 | Unholy Aura |
| 3:30 | Nerubian Tower |
| 4:12 | Crypt Fiend |
| 4:12 | Crypt Fiend |
| 4:43 | Crypt Fiend |
| 4:49 | Death Coil |
| 5:08 | Claws of Attack +6 |
| 5:35 | Black Citadel |
| 5:50 | Slaughterhouse |
| 5:59 | Ziggurat |
| 6:14 | Ziggurat |
| 6:31 | Frost Nova |
| 6:52 | Crypt Fiend |
| 6:55 | Obsidian Statue |
| 7:33 | Obsidian Statue |
| 7:59 | Silence |
| 8:36 | Orb of Corruption |
| 9:05 | Crypt Fiend |
| 9:17 | Destroyer Form |
| 9:24 | Creature Attack |
| 9:27 | Acolyte |
| 10:24 | Crypt Fiend |
| 10:48 | Web |
| 11:05 | Necropolis |
| 11:20 | Obsidian Statue |
| 11:39 | Potion of Lesser Invulnerability |
| 11:42 | Dark Ritual |
| 11:49 | Black Arrow |
| 11:53 | Crypt Fiend |
| 12:07 | Acolyte |
| 12:23 | Acolyte |
| 12:38 | Obsidian Statue |
| 12:38 | Crypt Fiend |
| 12:55 | Acolyte |
| 13:14 | Ziggurat |
| 13:15 | Acolyte |
| 13:41 | Improved Creature Attack |
| 14:19 | Crypt Fiend |
| 14:21 | Frost Nova |
| 14:21 | Unholy Aura |
| 14:27 | Black Arrow |
| 14:30 | Crypt Fiend |
| 14:31 | Obsidian Statue |
| 14:44 | Nerubian Tower |
| 14:59 | Obsidian Statue |
| 15:02 | Scroll of Town Portal |
| 15:02 | Scroll of Town Portal |
| 15:02 | Scroll of Town Portal |
| 15:02 | Scroll of Town Portal |
| 15:13 | Temple of the Damned |
| 15:35 | Crypt Fiend |
| 16:08 | Acolyte |
| 16:17 | Banshee Adept Training |
| 16:19 | Ziggurat |
| 16:21 | Ziggurat |
| 16:22 | Advanced Creature Attack |
| 16:41 | Crypt Fiend |
| 16:48 | Scroll of Healing |
| 16:57 | Potion of Lesser Invulnerability |
| 17:36 | Crypt Fiend |
| 17:43 | Crypt Fiend |
| 17:44 | Banshee |
| 17:46 | Dark Ritual |
| Select group | 2130 |
| Right click | 1663 |
| Select | 1387 |
| Misc. action | 546 |
| Assign group | 203 |
| Build/train/purchase | 159 |
| Use ability | 88 |
| Item give/drop | 9 |
| Chat | 4 |
| Esc | 2 |
35 units @ 5.8k
/ 0.9k
13 buildings @ 2.2k
/ 0.7k



| Rod of Necromancy | 3 | 450 |
| Orb of Corruption | 1 | 375 |
| Potion of Mana | 2 | 400 |
| Scroll of Healing | 1 | 250 |
| Potion of Lesser Invulnerability | 2 | 300 |
| total: | 9 | 1775g |
| Acolyte | 8 | 600 | / | 0 |
| Ghoul | 5 | 600 | / | 0 |
| Crypt Fiend | 14 | 3010 | / | 560 |
| Obsidian Statue | 7 | 1400 | / | 245 |
| Abomination | 1 | 240 | / | 70 |
| total: | 35 | 5850g | / | 875w |
| Nerubian Tower | 1 | 100 | / | 20 |
| Altar of Darkness | 2 | 360 | / | 100 |
| Ziggurat | 5 | 750 | / | 250 |
| Crypt | 1 | 200 | / | 50 |
| Tomb of Relics | 1 | 130 | / | 30 |
| Graveyard | 1 | 215 | / | 0 |
| Necropolis | 1 | 225 | / | 0 |
| Slaughterhouse | 2 | 280 | / | 270 |
| Halls of the Dead | 1 | 320 | / | 210 |
| Black Citadel | 1 | 325 | / | 230 |
| total: | 13 | 2160g | / | 700w |
| 0:02 | Acolyte |
| 0:06 | Altar of Darkness |
| 0:07 | Altar of Darkness |
| 0:11 | Ziggurat |
| 0:17 | Acolyte |
| 0:33 | Crypt |
| 0:41 | Acolyte |
| 0:57 | Tomb of Relics |
| 1:16 | Graveyard |
| 1:34 | Ghoul |
| 1:41 | Ghoul |
| 2:06 | Rod of Necromancy |
| 2:06 | Death Coil |
| 2:32 | Halls of the Dead |
| 2:49 | Crypt Fiend |
| 3:04 | Ziggurat |
| 3:30 | Unholy Aura |
| 3:34 | Rod of Necromancy |
| 3:56 | Crypt Fiend |
| 4:07 | Crypt Fiend |
| 4:55 | Death Coil |
| 4:57 | Black Citadel |
| 5:26 | Slaughterhouse |
| 5:27 | Slaughterhouse |
| 5:37 | Ziggurat |
| 5:56 | Frost Nova |
| 6:01 | Rod of Necromancy |
| 6:04 | Ziggurat |
| 6:32 | Obsidian Statue |
| 6:56 | Obsidian Statue |
| 7:00 | Crypt Fiend |
| 7:42 | Silence |
| 8:23 | Orb of Corruption |
| 8:41 | Obsidian Statue |
| 8:55 | Potion of Lesser Invulnerability |
| 9:27 | Crypt Fiend |
| 9:28 | Creature Attack |
| 9:41 | Web |
| 9:42 | Destroyer Form |
| 10:00 | Crypt Fiend |
| 10:15 | Crypt Fiend |
| 10:24 | Acolyte |
| 11:14 | Necropolis |
| 11:36 | Black Arrow |
| 11:58 | Scroll of Healing |
| 12:10 | Improved Creature Attack |
| 12:24 | Unholy Aura |
| 12:29 | Dark Ritual |
| 12:51 | Acolyte |
| 12:51 | Acolyte |
| 12:52 | Ziggurat |
| 12:52 | Crypt Fiend |
| 13:13 | Acolyte |
| 13:23 | Crypt Fiend |
| 13:31 | Acolyte |
| 14:20 | Obsidian Statue |
| 14:41 | Crypt Fiend |
| 14:41 | Obsidian Statue |
| 14:42 | Nerubian Tower |
| 14:56 | Potion of Lesser Invulnerability |
| 15:05 | Crypt Fiend |
| 15:06 | Potion of Mana |
| 15:06 | Potion of Mana |
| 15:33 | Crypt Fiend |
| 15:35 | Obsidian Statue |
| 16:07 | Crypt Fiend |
| 16:13 | Advanced Creature Attack |
| 16:32 | Abomination |
| 16:33 | Obsidian Statue |
| 16:33 | Ghoul |
| 16:51 | Ghoul |
| 17:06 | Frost Nova |
| 17:46 | Crypt Fiend |
| 17:47 | Ghoul |
| 17:52 | Black Arrow |
| Right click | 2267 |
| Select group | 1181 |
| Assign group | 968 |
| Select | 692 |
| Build/train/purchase | 208 |
| Use ability | 86 |
| Misc. action | 55 |
| Item give/drop | 13 |
| Chat | 10 |
| Esc | 2 |